 Dungeon Crawl Stone Soup version 0.21-a0-630-g344d351 (webtiles) character file.

11 Alarkh the Digger (level 2, 19/19 HPs)
             Began as a Demonspawn Earth Elementalist on Dec 26, 2017.
             Got out of the dungeon alive.
             The game lasted 00:00:38 (695 turns).

Alarkh the Digger (Demonspawn Earth Elementalist)    Turns: 695, Time: 00:00:39

Health: 19/19      AC:  9    Str:  8    XL:     2   Next: 13%
Magic:  5/5        EV: 12    Int: 16    God:
Gold:   34         SH:  0    Dex: 13    Spells: 4/5 levels left

rFire    . . .     SeeInvis .   (no weapon)
rCold    . . .     Gourm    .   (no shield)
rNeg     . . .     Faith    .   c - +0 robe
rPois    .         Spirit   .   f - +0 helmet
rElec    .         Reflect  .   (no cloak)
rCorr    .         Harm     .   (no gloves)
MR       .....                  (no boots)
Stlth    ++........             (no amulet)
HPRegen  0.06/turn              k - +6 ring of protection
MPRegen  0.09/turn              (no ring)

@: no status effects
A: hooves 1
a: no special abilities


You escaped.
You were not hungry.

You visited 1 branch of the dungeon, and saw 1 of its levels.

You collected 34 gold pieces.

Inventory:

Missiles
 b - 36 stones (quivered)
Armour
 c - a +0 robe (worn)
 f - a +0 helmet (worn)
Jewellery
 k - a +6 ring of protection (left hand)
Scrolls
 g - a scroll of blinking
 h - a scroll of random uselessness {unknown}
Potions
 a - a potion of curing {unknown}
 j - a potion of lignification {unknown}
Books
 e - a book of Geomancy

   Spells                             Type                      Level
   a - Sandblast                      Earth                        1
   b - Passwall                       Transmutation/Earth          2
   c - Stone Arrow                    Conjuration/Earth            3
   d - Petrify                        Transmutation/Earth          4
   e - Lee's Rapid Deconstruction     Earth                        5
Comestibles
 d - a ration


   Skills:
 - Level 1.7 Dodging
 - Level 1.7 Stealth
 + Level 2.3 Spellcasting
   Level 0.8 Transmutations
 + Level 3.0 Earth Magic


You had 4 spell levels left.
You knew the following spells:

 Your Spells              Type           Power        Failure   Level  Hunger
a - Sandblast             Erth           ##....       6%          1    #......


Dungeon Overview and Level Annotations

Branches:
Dungeon (1/15)

Altars:


Innate Abilities, Weirdness & Mutations

You have large cloven feet.


Message History

The blast of sand hits the dart slug.
You kill the dart slug!
b - 36 stones
Casting: Sandblast
Confirm with . or Enter, or press ? or * to list all spells.
You can't see any susceptible monsters within range! (Use Z to cast anyway.)
You now have 34 gold pieces (gained 15).
k - a large silver ring A dart slug comes into view.
k - a +6 ring of protection (left hand) All of the chunks of flesh in your inventory have rotted away.
There is a staircase leading out of the dungeon here.
You open the door.
A bat comes into view.
A bat is nearby!
There is a stone staircase leading down here.
You see here a hunting sling.
There is a staircase leading out of the dungeon here.
Are you sure you want to leave the Dungeon?
This will make you lose the game!
You have escaped!

##.......##..###.
##...#.##..##..##.
##...##..#...##..#.
##...###..#.#..##...
#...## #....##.)##..
#..## #.##.###..##.
#...####.##.# ##..##
#....#......# ##...
##.@.#.####.# ##..
#....#......# ##...
#...####.#..# ##..##
#..## #.##.###..###
##..## #.#..##..###.
#...###..#.#..## #.
##...##..#...## #.
##...#.##..######.
##......^##....'.


There were no monsters in sight!

Vanquished Creatures
  A dart slug (D:1)
  2 leopard geckos (D:1)
  2 bats (D:1)
  A goblin (D:1)
  A rat (D:1)
7 creatures vanquished.

Notes
Turn   | Place    | Note
-------+----------+-------------------------------------------
     0 | D:1      | Alarkh the Demonspawn Earth Elementalist began the quest for the Orb.
     0 | D:1      | Reached XP level 1. HP: 13/13 MP: 3/3
   327 | D:1      | Reached skill level 3 in Earth Magic
   378 | D:1      | Gained mutation: You have large cloven feet. [demonic ancestry]
   378 | D:1      | Reached XP level 2. HP: 19/19 MP: 1/5
   695 | D:$      | Got out of the dungeon alive.

Vault maps used:
D:1:      dpeg_chamrin_arrival_tetris, minmay_misc_feat_hallway,
          minmay_misc_feat_x

Skill      XL: |  1 |
---------------+----+-----
Earth Magic    | 3 |  3.0
Dodging        | |  1.7
Stealth        | |  1.7
Spellcasting   | |  2.3
Transmutations | |  0.8

Action                   || total
-------------------------++-------
Melee: Unarmed           ||     2
 Cast: Sandblast         ||    13
  Use: Scroll            ||     1
Armor: Robe              ||     1
Dodge: Dodged            ||     6

Table legend:
 A = Spawn XP
 B = Non-spawn XP
 C = Spawn XP percentage of total XP
 D = Spawn monster count
 E = Non-spawn monster count
 F = Spawn count percentage of total count
 G = Total turns spent on level
                    A         B        C        D         E        F      G
               +---------+---------+-------+---------+---------+-------+---------
         Total |       0 |      16 |   0.0 |       0 |       7 |   0.0 |   695
               +---------+---------+-------+---------+---------+-------+---------
           D:1 |       0 |      16 |   0.0 |       0 |       7 |   0.0 |   695
               +---------+---------+-------+---------+---------+-------+---------
